 Dungeon Crawl Stone Soup version 0.30.1-11-g7821555f0a (webtiles) character file.

Game seed: 1021622029672902505

450 SacredBeard the Ruffian (level 6, 0/53 HPs)
             Began as a Draconian Monk on Nov 5, 2023.
             Killed by divine providence
             ... invoked by an orc priest
              (15 damage)
             ... on level 3 of the Dungeon.
             The game lasted 00:07:03 (2790 turns).

SacredBeard the Ruffian (Draconian Monk)            Turns: 2790, Time: 00:07:04

Health: 0/53       AC:  6    Str: 15    XL:     6   Next: 74%
Magic:  6/6        EV: 13    Int: 11    God:
Gold:   124        SH:  0    Dex: 13    Spells: 5/5 levels left

rFire   . .          .
                       - Unarmed
rCold   . . .        b - orb {light}
rNeg    . . .        (body armour unavailable)
rPois   .            (helmet restricted)
rElec   .            (no cloak)
rCorr   .            (no gloves)
SInv    .            (no boots)
Will    .....        (no amulet)
Stlth   +            (no ring)
HPRegen 0.28/turn    (no ring)
MPRegen 0.10/turn

%: no passive effects
@: glowing
A: AC +6, unfitting armour, cold-blooded
a: no special abilities


You were on level 3 of the Dungeon.
You visited 1 branch of the dungeon, and saw 4 of its levels.

You collected 124 gold pieces.

Inventory:

Hand Weapons
 l - a +1 heavy spear
Missiles
 p - 3 stones (quivered)
Armour
 b - an orb of light (worn)
Jewellery
 e - a ring of ice
 g - a ring of resist corrosion
 n - a ring of flight
Scrolls
 c - a scroll of magic mapping {unknown}
 f - 2 scrolls of identify {unknown}
 h - a scroll of immolation {unknown}
 i - a scroll of fog {unknown}
 j - a scroll of poison {unknown}
 k - 2 scrolls of vulnerability {unknown}
Potions
 a - a potion of curing {unknown}
 d - a potion of resistance
 m - a potion of might {unknown}
 o - a potion of heal wounds {unknown}


   Skills:
 + Level 4.7 Fighting
 + Level 2.4 Throwing
 + Level 3.9 Dodging
 * Level 5.4 Unarmed Combat


You had 5 spell levels left.
You didn't know any spells.
Your spell library contained the following spells:

 Spells                   Type           Power      Damage    Failure   Level
 Lesser Beckoning         Tloc           0%         N/A       47%         2
 Gell's Gravitas          Tloc           0%         N/A       71%         3
 Teleport Other           Tloc           0%         N/A       71%         3


Dungeon Overview and Level Annotations

Branches:
Dungeon (4/15) Zot: 21208
 Temple: D:4-7

Altars:

Shops:
D:1 =


Innate Abilities, Weirdness & Mutations

Your plain brown scales are hard. (AC +6)
You cannot fit into any form of body armour.
You are cold-blooded and may be slowed by cold attacks.


Message History

The orc priest is moderately wounded.
The orc wizard hits you but does no damage.
The orc priest closely misses you. The orc priest completely misses you.
You punch the orc priest!
The orc priest is almost dead.
The orc wizard closely misses you.
The orc priest looks braver for a moment.
The orc priest hits you with a +0 falchion.
You hit the orc priest but do no damage.
The orc priest is almost dead.
The orc wizard barely misses you.
The orc priest begins to cast a cantrip, but forgets the words!
The orc priest calls down the wrath of Beogh upon you.
Beogh smites you!
You hit the orc priest.
You kill the orc priest!
The orc wizard closely misses you. The orc priest barely misses you.
The orc wizard attacks as you move away!
The orc wizard misses you.
The orc priest hits you with a +0 falchion.
Things that are here:
a +0 whip; a +0 leather armour The orc priest attacks as you move away!
The orc priest closely misses you.
The orc wizard points at you and mumbles some strange words.
The puff of flame hits you.
The orc priest calls down the wrath of Beogh upon you.
You barely resist.
There is a large open door, spattered with blood here.
Things that are here:
a +0 club; a +0 dagger; an adder skeleton The orc wizard casts a spell at you.
The magic dart hits you.
* * * LOW HITPOINT WARNING * * *
There is a large open door, spattered with blood here.
You punch the orc priest!
The orc priest is severely wounded.
The orc priest invokes the aid of Beogh against you.
Beogh smites you!
You die...

#....'..........#
#.####..........#
##'####..........####
#^........#'#........
#......####.#..#.....
###......# #.#.##.....
#.'...)[.# #.#.##.....
#.#......# #...#######
#.####@### #...#
#.####o######+#'####
#.....o............#
#..................#
#.....>..##........#
#......[.##........#
#........##........#
#.####...######.#######
#.######...####........


You could see an orc priest and an orc wizard (invisible).

Vanquished Creatures
  Grinder (D:3)
  An orc priest (D:3)
  4 orc wizards (D:3)
  4 gnolls (D:3)
  3 adders
  An ufetubus (D:3)
  2 worms
  A dart slug (D:3)
  9 orcs (D:3)
  4 ball pythons
  4 endoplasms
  A giant cockroach (D:3)
  9 goblins
  6 hobgoblins
  4 kobolds
  3 quokkas
  4 bats
  A frilled lizard (D:1)
  4 rats
66 creatures vanquished.

Notes
Turn   | Place    | Note
-------+----------+-------------------------------------------
     0 | D:1      | SacredBeard the Draconian Monk began the quest for the Orb.
     0 | D:1      | Reached XP level 1. HP: 19/19 MP: 1/1
   113 | D:1      | Reached XP level 2. HP: 23/26 MP: 2/2
   333 | D:1      | Found Piohydur's One-of-a-Kind Rings.
   677 | D:2      | Reached XP level 3. HP: 28/31 MP: 3/3
   792 | D:2      | Reached skill level 1 in Throwing
  1283 | D:3      | Noticed Grinder
  1283 | D:3      | Paralysed by Grinder for 3 turns
  1417 | D:3      | Paralysed by Grinder for 2 turns
  1504 | D:3      | Killed Grinder
  1505 | D:3      | Reached skill level 4 in Unarmed Combat
  1505 | D:3      | Reached XP level 4. HP: 36/41 MP: 4/4
  1505 | D:3      | Reached XP level 5. HP: 41/47 MP: 5/5
  1771 | D:3      | Reached XP level 6. HP: 39/53 MP: 6/6
  2030 | D:3      | Reached skill level 5 in Unarmed Combat
  2790 | D:3      | Killed from afar by an orc priest

Illustrated notes

Levels and vault maps discovered:
D:1:      zaba_arrival_water, layout_basic, nicolae_shop_unique_rings,
          corner_web_ring
D:2:      layout_rooms
D:3:      layout_basic, uniq_grinder
D:4:      layout_cave_pools, minmay_temple_entry_overgrown, portal_sewer_entry_f

Skill      XL: |  1  2  3  4  5  6 |
---------------+-------------------+-----
Dodging        | 3 |  3.9
Throwing       | 2 |  2.4
Fighting       | 4 |  4.7
Unarmed Combat | 4 5 |  5.4

Action                     |  1- 3 |  4- 6 || total
---------------------------+-------+-------++-------
  Melee: Unarmed           |   116 |   118 ||   234
         Tailslap          |    16 |    19 ||    35
         Spear             |     5 |       ||     5
  Throw: Stone             |     8 |     3 ||    11
    Use: Potion            |       |     2 ||     2
 Armour: Skin              |    20 |    32 ||    52
  Dodge: Dodged            |    57 |    83 ||   140
